 Dungeon Crawl Stone Soup version 0.30-a0-782-ge64f9170bb (webtiles) character file.

Game seed: 10514030559892390017

2807 Mgcat the Covered (level 9, -3/80 HPs)
             Began as an Armataur Fighter on Feb 22, 2023.
             Was a Believer of Okawaru.
             Slain by Pikel
             ... wielding a +2 whip of electrocution
              (18 damage)
             ... on level 8 of the Dungeon.
             The game lasted 00:10:27 (6306 turns).

Mgcat the Covered (Armataur Fighter)                Turns: 6306, Time: 00:10:27

Health: -3/80      AC: 20    Str: 38    XL:     9   Next: 44%
Magic:  9/9        EV:  2    Int:  9    God:    Okawaru [**....]
Gold:   460        SH: 13    Dex:  9    Spells: 8/8 levels left

rFire   . . .      SeeInvis .    a - +0 war axe
rCold   . . .      Faith    .    v - +0 tower shield
rNeg    . . .      Spirit   .    J - +0 plate armour
rPois   .          Reflect  .    f - +0 helmet
rElec   .          Harm     .    x - scarf {repulsion}
rCorr   .          Roll     +    d - +1 pair of gloves
Will    .....                    r - +0 barding Stlth
                                 (no amulet)
HPRegen 0.33/turn                B - +6 ring of strength
MPRegen 0.11/turn                j - +6 ring of strength

@: repel missiles
A: large, rugged brown scales 3, deformed body, armoured tail, roll, long
tongue, awkward tongue
a: Renounce Religion, Heroism


You were on level 8 of the Dungeon.
You worshipped Okawaru.
Okawaru was pleased with you.
You visited 2 branches of the dungeon, and saw 9 of its levels.

You collected 460 gold pieces.

Inventory:

Hand Weapons
 a - a +0 war axe (weapon)
Armour
 d - a +1 pair of gloves (worn)
   (You found it on level 5 of the Dungeon)
 f - a +0 helmet (worn)
   (You found it on level 5 of the Dungeon)
 r - a +0 barding (worn)
   (You found it on level 3 of the Dungeon)
 v - a +0 tower shield (worn)
   (You found it on level 5 of the Dungeon)
 x - a scarf of repulsion (worn)
   (You found it on level 4 of the Dungeon)
 J - a +0 plate armour (worn)
   (You took it off an orc warrior on level 5 of the Dungeon)
Jewellery
 j - a +6 ring of strength (right hand)
   (You found it on level 5 of the Dungeon)
 u - a ring of poison resistance {rPois, !d}
   (You found it on level 4 of the Dungeon)
 z - a ring of fire {rF+, rC-}
   (You found it on level 5 of the Dungeon)
 B - a +6 ring of strength (left hand)
   (You found it on level 6 of the Dungeon)
 C - a ring of protection from cold {rC+, !d}
   (You found it on level 6 of the Dungeon)
Wands
 b - a wand of digging (3)
   (You found it on level 8 of the Dungeon)
 s - a wand of roots (6)
   (You found it on level 4 of the Dungeon)
 y - a wand of flame (14)
   (You found it on level 5 of the Dungeon)
 F - a wand of paralysis (7)
   (You found it on level 6 of the Dungeon)
Scrolls
 h - a scroll of vulnerability {unknown}
 i - 2 scrolls of blinking {unknown}
 l - a scroll of enchant weapon {unknown}
 m - a scroll of amnesia {unknown}
 n - a scroll of brand weapon {unknown}
 o - a scroll of silence {unknown}
 q - 2 scrolls of fear
 t - a scroll of fog {unknown}
 D - 3 scrolls of magic mapping {!r}
 G - a scroll of noise {unknown}
 H - 2 scrolls of enchant armour
Potions
 c - a potion of lignification {!q}
 e - a potion of brilliance
 g - 2 potions of invisibility
 k - 3 potions of heal wounds
 p - 3 potions of flight
 w - a potion of curing
 A - a potion of haste
 E - a potion of might
 I - a potion of berserk rage {unknown}


   Skills:
 + Level 5.9 Fighting
 * Level 7.1 Axes
 + Level 7.8 Armour
 + Level 7.2 Shields


You had 8 spell levels left.
You didn't know any spells.
Your spell library contained the following spells:

 Spells                   Type           Power      Damage    Failure   Level
 Foxfire                  Conj/Fire      0%         2x1d4     100%        1
 Shock                    Conj/Air       0%         1d3       100%        1
 Sting                    Tmut/Pois      0%         1d3       100%        1
 Cigotuvi's Dreadful Rot  Necr/Pois/Air  0%         N/A       100%        2
 Poisonous Vapours        Pois/Air       0%         N/A       100%        2
 Mephitic Cloud           Conj/Pois/Air  0%         N/A       100%        3
 Olgreb's Toxic Radiance  Pois           0%         N/A       100%        4
 Fireball                 Conj/Fire      0%         3d3       100%        5
 Starburst                Conj/Fire      0%         6d3       100%        6


Dungeon Overview and Level Annotations

Branches:
Dungeon (8/15)             Temple (1/1) D:4
   Lair: D:8-11

Altars:
Ashenzari
Dithmenos
Elyvilon
Fedhas
Gozag
Hepliaklqana
Kikubaaqudgha
Makhleb
Nemelex Xobeh
Okawaru
Qazlal
Ru
Sif Muna
Trog
Uskayaw
Wu Jian
Xom
Yredelemnul
Zin
The Shining One

Shops:
D:7 (

Annotations:
D:3 1 runed translucent door, rigao's ghost, amateur GrNe
D:6 1 runed translucent door, LowRida's ghost, novice TrFi
D:8 Pikel


Innate Abilities, Weirdness & Mutations

You are completely covered in rugged brown scales. (AC +3, +7% HP)
Armour fits poorly on your strangely shaped body.
You have a long armoured tail.
You roll when moving toward enemies. (Rampage)
Your long tongue fully drains potion bottles. (2x potion effects)
Your tongue gives you trouble enunciating. (1.5x scroll delay)


Message History

You block the yak's attack.
Pikel says, "Time is money, and you're costing me too much!"
Pikel hits you but does no damage. The lemure hits you but does no damage.
The yak gores you.
You take 17 damage, and have 52/80 hp.
MASSIVE DAMAGE!!
Warning x3: The yak can hit for moderate damage in melee! x2
Pikel can hit for high damage in melee!
You are too injured to fight recklessly!
Warning x3: The yak can hit for moderate damage in melee! x2
Pikel can hit for high damage in melee!
You are too injured to fight recklessly!
Warning x3: The yak can hit for moderate damage in melee! x2
Pikel can hit for high damage in melee!
You are too injured to fight recklessly!
Warning x3: The yak can hit for moderate damage in melee! x2
Pikel can hit for high damage in melee!
You are too injured to fight recklessly!
Warning x3: The yak can hit for moderate damage in melee! x2
Pikel can hit for high damage in melee!
You closely miss Pikel.
Pikel is moderately wounded.
You completely miss the yak. You closely miss the lemure.
You block the lemure's attack. Pikel hits you but does no damage.
The yak gores you.
You take 6 damage, and have 46/80 hp.
Warning x3: The yak can hit for moderate damage in melee! x2
Pikel can hit for high damage in melee!
You slash Pikel!
Pikel is heavily wounded.
You slash the yak!
You kill the yak!
Okawaru accepts your kill.
You miss the lemure.
Pikel cracks his whip.
Pikel hits you with a +2 whip of electrocution.
You block the lemure's attack.
You take 3 damage, and have 43/80 hp.
Warning x2: The yak can hit for moderate damage in melee!
Pikel can hit for high damage in melee!
Unknown command.
Warning x2: The yak can hit for moderate damage in melee!
Pikel can hit for high damage in melee!
You hit Pikel.
Pikel is heavily wounded.
You slash the lemure!
You kill the lemure!
That felt strangely unrewarding.
Pikel hits you with a +2 whip of electrocution.
You block the lemure's attack. You block Pikel's attack.
You take 3 damage, and have 40/80 hp.
Warning x2: The yak can hit for moderate damage in melee!
Pikel can hit for high damage in melee!
You barely miss Pikel.
Pikel is heavily wounded.
You closely miss the lemure. You block Pikel's attack.
You block the lemure's attack.
MP restored: 9 Warning x2: The yak can hit for moderate damage in melee!
Pikel can hit for high damage in melee!
You miss Pikel.
Pikel is heavily wounded.
You barely miss the lemure.
Pikel says, "You'll make a fine lemure."
Pikel hits you but does no damage. You block the lemure's attack.
Warning x2: The yak can hit for moderate damage in melee!
Pikel can hit for high damage in melee!
You barely miss Pikel.
Pikel is heavily wounded.
You miss the lemure. Pikel hits you but does no damage.
The lemure hits you but does no damage. You block Pikel's attack.
Warning x2: The yak can hit for moderate damage in melee!
Pikel can hit for high damage in melee!
You closely miss Pikel.
Pikel is heavily wounded.
You closely miss the lemure. You barely miss the lemure.
Pikel hits you with a +2 whip of electrocution!
You are electrocuted!
* * * LOW HITPOINT WARNING * * *
The lemure barely misses you. The lemure hits you but does no damage.
You take 20 damage, and have 22/80 hp.
MASSIVE DAMAGE!!
Warning x2: The yak can hit for moderate damage in melee!
Pikel can hit for high damage in melee!
You slash Pikel!
Pikel is almost dead.
You hit the lemure. You closely miss the lemure.
Pikel hits you but does no damage. You block the lemure's attack.
The lemure hits you.
* * * LOW HITPOINT WARNING * * *
You block the lemure's attack.
Pikel checks his coin pouch and frowns.
You block Pikel's attack. The lemure hits you but does no damage.
You take 3 damage, and have 19/80 hp.
Warning x2: The yak can hit for moderate damage in melee!
Pikel can hit for high damage in melee!
Unknown command.
Warning x2: The yak can hit for moderate damage in melee!
Pikel can hit for high damage in melee!
Unknown command.
Warning x2: The yak can hit for moderate damage in melee!
Pikel can hit for high damage in melee!
You hit Pikel.
Pikel is almost dead.
You barely miss the lemure. x2; You block Pikel's attack.
The lemure hits you but does no damage. x2
Warning x2: The yak can hit for moderate damage in melee!
Pikel can hit for high damage in melee!
Unknown command.
Warning x2: The yak can hit for moderate damage in melee!
Pikel can hit for high damage in melee!
You hit Pikel.
Pikel is almost dead.
You hit the lemure but do no damage. You closely miss the lemure.
You block Pikel's attack. The lemure hits you.
* * * LOW HITPOINT WARNING * * *
The lemure hits you.
* * * LOW HITPOINT WARNING * * *
Pikel hits you but does no damage.
You are electrocuted!!
You die...

##.........#
#.)........#
#.)##......#
#..###.....##
#..# ###....#
#..# ######
#..# #..#
#5@# #5K#
#5Y# #...
#>.. .....
..... #.....>


You could see Pikel, a yak and 3 lemures.

Vanquished Creatures
  Grinder (D:3)
  5 yaks (D:8)
  An orc warrior (D:5)
  An ice beast (D:7)
  A sky beast (D:7)
  2 black bears
  2 centaurs
  A lemure (D:8)
  2 bullfrogs
  A scorpion (D:5)
  2 necrophages (D:4)
  4 wights (D:6)
  A howler monkey (D:6)
  4 jellies
  2 orc priests
  6 hounds
  Natasha (twice) (D:2)
  3 iguanas
  An orc wizard (D:8)
  7 gnolls
  5 adders
  3 white imps
  3 worms
  3 dart slugs
  17 orcs
  3 bats
  8 endoplasms
  2 giant cockroaches
  7 hobgoblins
  4 jackals (D:1)
  7 quokkas
  7 ball pythons
  5 frilled lizards
  6 goblins
  9 kobolds
  2 rats (D:1)
140 creatures vanquished.

Vanquished Creatures (others)
  A fungus (D:1)
  3 plants
4 creatures vanquished.

Grand Total: 144 creatures vanquished

Notes
Turn   | Place    | Note
-------+----------+-------------------------------------------
     0 | D:1      | Mgcat the Armataur Fighter began the quest for the Orb.
     0 | D:1      | Reached XP level 1. HP: 19/19 MP: 1/1
   131 | D:1      | Reached XP level 2. HP: 23/26 MP: 2/2
   134 | D:1      | Reached skill level 2 in Axes
   400 | D:1      | Found a faded altar of an unknown god.
   419 | D:1      | Got Plato's Commentary on Conflict
   520 | D:1      | Reached XP level 3. HP: 32/32 MP: 3/3
   713 | D:2      | Reached skill level 4 in Armour
   743 | D:2      | Reached skill level 3 in Fighting
  1099 | D:2      | Noticed Natasha
  1114 | D:2      | Killed Natasha
  1115 | D:2      | Reached XP level 4. HP: 20/40 MP: 4/4
  1484 | D:2      | Noticed Natasha
  1490 | D:2      | Killed Natasha
  1669 | D:3      | Reached skill level 4 in Shields
  1789 | D:3      | Reached skill level 3 in Axes
  1789 | D:3      | Reached XP level 5. HP: 30/48 MP: 5/5
  1791 | D:3      | Identified the +2 scale mail of Hopescho {Harm Str+2}
  2072 | D:3      | Noticed Grinder
  2083 | D:3      | Killed Grinder
  2084 | D:3      | Reached skill level 5 in Armour
  2084 | D:3      | Reached XP level 6. HP: 39/55 MP: 6/6
  2317 | D:3      | Found a runed translucent door.
  2319 | D:3      | Noticed rigao's ghost (amateur GrNe)
  2488 | D:4      | Reached skill level 4 in Axes
  2498 | D:4      | Found an opulent altar of Gozag.
  2565 | D:4      | Reached skill level 4 in Fighting
  2779 | D:4      | Found a staircase to the Ecumenical Temple.
  2875 | Temple   | Entered the Ecumenical Temple
  2918 | Temple   | Became a worshipper of Warmaster Okawaru
  3048 | D:4      | Reached XP level 7. HP: 55/63 MP: 7/7
  3107 | D:4      | Found a shadowy altar of Dithmenos.
  3222 | D:5      | Entered Level 5 of the Dungeon
  3387 | D:5      | Found a bloodstained altar of Trog.
  3606 | D:5      | Reached skill level 5 in Shields
  4101 | D:5      | Reached * piety under Okawaru
  4102 | D:5      | Reached skill level 5 in Axes
  4102 | D:5      | Reached skill level 6 in Armour
  4176 | D:6      | Reached XP level 8. HP: 61/71 MP: 8/8
  4303 | D:6      | Found a runed translucent door.
  4303 | D:6      | Found a shimmering altar of Xom.
  4303 | D:6      | Noticed a +2 falchion of chaos
  4303 | D:6      | Noticed LowRida's ghost (novice TrFi)
  4385 | D:6      | Reached skill level 6 in Shields
  4462 | D:6      | Reached skill level 5 in Fighting
  4757 | D:6      | Found a stormy altar of Qazlal.
  4766 | D:6      | Found a basalt altar of Yredelemnul.
  4878 | D:6      | Found a shimmering blue altar of Sif Muna.
  4929 | D:7      | Found a hazy altar of Hepliaklqana.
  4945 | D:7      | Reached skill level 6 in Axes
  5122 | D:7      | Reached skill level 7 in Armour
  5133 | D:7      | Reached ** piety under Okawaru
  5272 | D:7      | Found Nurai's Antique Weapon Emporium.
  5554 | D:7      | Reached XP level 9. HP: 76/79 MP: 9/9
  5850 | D:7      | Found a sacrificial altar of Ru.
  6284 | D:8      | Noticed Pikel
  6289 | D:8      | Reached skill level 7 in Shields
  6293 | D:8      | Reached skill level 7 in Axes
  6304 | D:8      | HP: 19/80 [lemure[Pikel] (4)]
  6306 | D:8      | Slain by Pikel

Illustrated notes

Levels and vault maps discovered:
D:1:      psy_arrival_fountain, layout_rooms, serial_aquarium,
          aquarium_bridge_straight [aquarium_subvault_bridge,
          aquarium_subvault_wall, aquarium_subvault_bridge,
          aquarium_subvault_balcony], aquarium_bridge_square
          [aquarium_subvault_balcony, aquarium_subvault_bridge,
          aquarium_subvault_window, aquarium_subvault_wall],
          aquarium_window_corner, aquarium_window_fake,
          aquarium_window_corridor_1, aquarium_window_1, aquarium_view_2c,
          aquarium_view_2d, shapermc_ecumenical_altar_rom_forum,
          nicolae_figureground_sparkle
D:2:      layout_loops_ring, uniq_natasha
D:3:      layout_basic, ebering_ghost_sewer_d, uniq_grinder
D:4:      layout_gridville, kennysheep_little_box,
          nicolae_gozag_cash_rules_everything_around_me,
          minmay_temple_entry_poolview, kennysheep_generic_room_15
D:5:      layout_loops_cross, nicolae_overflow_crystal_walls, kennysheep_boxes
D:6:      layout_basic, mainiacjoe_overflow_swirl, lemuel_blue_sif_altar,
          ebering_ghost_xom
D:7:      layout_cave_pods, mainiacjoe_overflow_alcove_2,
          mainiacjoe_overflow_tiny_flanked, serial_shops, nicolae_shop_crystal
D:8:      layout_cave_pods, lair_entry_dummy, serial_ice, serial_ice_h,
          serial_ice_b, serial_ice_a, serial_ice_m, uniq_pikel, uniq_psyche
Temple:   nicolae_temple_bog_church

Skill      XL: |  1  2  3  4  5  6  7  8  9 |
---------------+----------------------------+-----
Axes           | 2 3 4 5 6 7 |  7.1
Armour         | 4 5 6 7 |  7.8
Fighting       | 3 4 5 |  5.9
Shields        | 4 5 6 7 |  7.2

Action                     |  1- 3 |  4- 6 |  7- 9 || total
---------------------------+-------+-------+-------++-------
  Melee: War axe           |   102 |   123 |   221 ||   446
         Tailslap          |     9 |    10 |    16 ||    35
 Invoke: Heroism           |       |       |     1 ||     1
    Use: Scroll            |     3 |       |    10 ||    13
         Potion            |       |     1 |       ||     1
 Armour: Scale mail        |    64 |    71 |    99 ||   234
         Plate armour      |       |       |    53 ||    53
  Dodge: Dodged            |    27 |    30 |    30 ||    87
  Block: Buckler           |    22 |    18 |     1 ||    41
         Tower shield      |       |       |   174 ||   174

Table legend: (Time is in decaauts)
 A = Elapsed time spent in this place.
 B = Non-inter-level travel time spent in this place.
 C = Inter-level travel time spent in this place.
 D = Time resting spent in this place.
 E = Time spent auto-exploring this place.
 F = Levels seen in this place.
 G = Mean time per level.
                   A        B        C        D        E       F      G
               +--------+--------+--------+--------+--------+-----+--------+
         Total |   6520 |   6184 |    336 |    232 |   4787 |   9 |  724.4 |
       Dungeon |   6462 |   6138 |    324 |    232 |   4764 |   8 |  807.8 |
        Temple |     57 |     45 |     12 |      0 |     23 |   1 |   57.0 |
               +--------+--------+--------+--------+--------+-----+--------+

Top non-repeatable levels by time:
     D:6: 988 daAuts
     D:2: 972 daAuts
     D:7: 892 daAuts
     D:4: 837 daAuts
     D:5: 829 daAuts
     D:3: 798 daAuts
     D:1: 725 daAuts
     D:8: 417 daAuts
  Temple: 57 daAuts

Table legend:
 A = Kills in this place as a percentage of kills in entire the game.
 B = Kills by you in this place as a percentage of kills by you in the entire game.
 C = Kills by friends in this place as a percentage of kills by friends in the entire game.
 D = Other kills in this place as a percentage of other kills in the entire game.
 E = Experience gained in this place as a percentage of experience gained in the entire game.
 F = Experience gained in this place divided by the number of levels of this place that you have seen.
                   A       B       C       D       E      F
               +-------+-------+-------+-------+-------+----------------------
         Total | 100.0 | 100.0 |   N/A |   N/A | 100.0 | 445.6
       Dungeon | 100.0 | 100.0 |   N/A |   N/A | 100.0 | 501.2
               +-------+-------+-------+-------+-------+----------------------
